 Dungeon Crawl Stone Soup version 0.30-a0-862-g1aabd4f9c5 (webtiles) character file.

Game seed: 1201307353047659262

35 strifetoe the Vexing (level 3, 0/28 HPs)
             Began as a Gnoll Hexslinger on Mar 9, 2023.
             Slain by a hobgoblin (4 damage)
             ... led by Robin
             ... on level 2 of the Dungeon.
             The game lasted 00:01:42 (1220 turns).

strifetoe the Vexing (Gnoll Hexslinger)             Turns: 1220, Time: 00:01:42

Health: 0/28       AC:  3    Str:  9    XL:     3   Next: 35%
Magic:  7/7        EV: 12    Int: 14    God:
Gold:   86         SH:  0    Dex: 12    Spells: 6/7 levels left

rFire   . . .      SeeInvis .    f - +0 hand axe
rCold   . . .      Faith    .    (no shield)
rNeg    . . .      Spirit   .    l - +0 leather armour
rPois   .          Reflect  .    (no helmet)
rElec   .          Rampage  .    (no cloak)
rCorr   .                        (no gloves)
Will    .....                    (no boots)
Stlth   +                        (no amulet)
HPRegen 0.24/turn                (no ring)
MPRegen 0.10/turn                (no ring)

@: attractive
A: fangs 1, strong nose, distributed training
a: no special abilities


You were on level 2 of the Dungeon.
You visited 1 branch of the dungeon, and saw 2 of its levels.

You collected 86 gold pieces.

Inventory:

Hand Weapons
 a - a +2 sling
 f - a +0 hand axe (weapon)
Armour
 l - a +0 leather armour (worn)
Scrolls
 b - a scroll of poison
 d - a scroll of identify {unknown}
 h - a scroll of teleportation
Potions
 i - a potion of might {unknown}


   Skills:
 + Level 2.6 Fighting
 + Level 0.8 Short Blades
 + Level 0.8 Long Blades
 + Level 0.8 Axes
 + Level 0.8 Maces & Flails
 + Level 0.8 Polearms
 + Level 0.8 Staves
 + Level 4.5 Ranged Weapons
 + Level 0.8 Throwing
 + Level 0.8 Armour
 + Level 4.5 Dodging
 + Level 0.8 Stealth
 + Level 0.8 Shields
 + Level 0.8 Unarmed Combat
 + Level 2.8 Spellcasting
 + Level 0.5 Conjurations
 + Level 5.4 Hexes
 + Level 0.5 Summonings
 + Level 0.5 Necromancy
 + Level 0.5 Translocations
 + Level 0.5 Transmutations
 + Level 0.5 Fire Magic
 + Level 0.5 Ice Magic
 + Level 0.5 Air Magic
 + Level 0.5 Earth Magic
 + Level 0.5 Poison Magic
 + Level 1.0 Invocations
 + Level 0.8 Evocations


You had 6 spell levels left.
You knew the following spells:

 Your Spells              Type           Power      Damage    Failure   Level
a - Slow                  Hex            68%        N/A       3%          1

Your spell library contained the following spells:

 Spells                   Type           Power      Damage    Failure   Level
 Inner Flame              Hex/Fire       10%        N/A       26%         3
 Portal Projectile        Hex/Tloc       20%        N/A       26%         3
 Cause Fear               Hex            8%         N/A       32%         4


Dungeon Overview and Level Annotations

Branches:
Dungeon (2/15)

Altars:

Annotations:
D:2 Robin


Innate Abilities, Weirdness & Mutations

You have very sharp teeth.
Your uncanny sense of smell can sniff out nearby items.
Your experience applies equally to all skills.


Message History

The goblin goes into a battle-frenzy!
You barely miss Robin. You closely miss the goblin.
The goblin hits you but does no damage. Robin hits you with a +0 mace.
A hobgoblin comes into view.
The goblin misses you.
Robin roars a battlecry!
The hobgoblin goes into a battle-frenzy!
You hit Robin.
Robin is lightly wounded.
You hit the goblin but do no damage. The goblin closely misses you.
Robin barely misses you.
You closely miss Robin.
Robin is lightly wounded.
You closely miss the goblin. The goblin closely misses you.
Robin hits you with a +0 mace.
You closely miss Robin. You bite Robin, but do no damage.
Robin is lightly wounded.
You hit the goblin. The goblin hits you with a +0 club.
Robin throws the goblin at you! The goblin hits you with a +0 club.
* * * LOW HITPOINT WARNING * * *
The hobgoblin barely misses you. Robin hits you with a +0 mace.
* * * LOW HITPOINT WARNING * * *
The goblin closely misses you.
It was a potion of curing.
You feel better. The goblin hits you with a +0 club.
* * * LOW HITPOINT WARNING * * *
Robin throws the goblin at you!
You feel better. The goblin hits you with a +0 club.
* * * LOW HITPOINT WARNING * * *
The hobgoblin hits you.
* * * LOW HITPOINT WARNING * * *
The goblin hits you with a +0 club.
* * * LOW HITPOINT WARNING * * *
It was a potion of attraction.
You feel attractive to monsters. The goblin closely misses you.
Robin throws the goblin at you! The hobgoblin is attracted toward you.
The hobgoblin attacks as you move away! The hobgoblin barely misses you.
Robin is attracted toward you. The hobgoblin attacks as you move away!
The hobgoblin hits you.
You die...

.#
#..#######.#
#.gg.g.).#.#
##.#####$#.#
..#.#.#
###.#.#.#
#.§.#.#.#
#.#.gg..#
#.#.#@###
#<§.g.#
####### ∆ ∆


You could see Robin, a hobgoblin (strong) and a goblin (strong).

Vanquished Creatures
  A ball python (D:1)
  4 endoplasms (D:1)
  2 giant cockroaches (D:1)
  5 goblins
  7 hobgoblins
  2 kobolds (D:1)
  2 quokkas (D:1)
  2 bats (D:1)
  A frilled lizard (D:1)
  2 rats (D:1)
28 creatures vanquished.

Notes
Turn   | Place    | Note
-------+----------+-------------------------------------------
     0 | D:1      | strifetoe the Gnoll Hexslinger began the quest for the Orb.
     0 | D:1      | Reached XP level 1. HP: 17/17 MP: 4/4
   277 | D:1      | Reached XP level 2. HP: 18/23 MP: 5/5
   565 | D:1      | HP: 1/23 [quokka (1)]
   911 | D:1      | Reached XP level 3. HP: 27/28 MP: 7/7
  1032 | D:2      | Noticed Robin
  1169 | D:1      | Reached skill level 1 in Invocations
  1210 | D:2      | HP: 1/28 [Robin/+0 mace (6)]
  1220 | D:2      | Slain by a hobgoblin

Illustrated notes

Levels and vault maps discovered:
D:1:      dpeg_chamrin_arrival_tetris, layout_basic
D:2:      layout_basic, uniq_robin

Skill      XL: |  1  2  3 |
---------------+----------+-----
Invocations    | 1 |  1.0
Fighting       | |  2.6
Short Blades   | |  0.8
Long Blades    | |  0.8
Axes           | |  0.8
Maces & Flails | |  0.8
Polearms       | |  0.8
Staves         | |  0.8
Ranged Weapons | |  4.5
Throwing       | |  0.8
Armour         | |  0.8
Dodging        | |  4.5
Stealth        | |  0.8
Shields        | |  0.8
Unarmed Combat | |  0.8
Spellcasting   | |  2.8
Conjurations   | |  0.5
Hexes          | |  5.4
Summonings     | |  0.5
Necromancy     | |  0.5
Translocations | |  0.5
Transmutations | |  0.5
Fire Magic     | |  0.5
Ice Magic      | |  0.5
Air Magic      | |  0.5
Earth Magic    | |  0.5
Poison Magic   | |  0.5
Evocations     | |  0.8

Action                     || total
---------------------------++-------
  Melee: Hand axe          ||    95
         Bite              ||    13
   Fire: Sling             ||     6
    Use: Scroll            ||     3
         Potion            ||     3
 Armour: Robe              ||    16
         Leather armour    ||     9
  Dodge: Dodged            ||    86

Table legend: (Time is in decaauts)
 A = Elapsed time spent in this place.
 B = Non-inter-level travel time spent in this place.
 C = Inter-level travel time spent in this place.
 D = Time resting spent in this place.
 E = Time spent auto-exploring this place.
 F = Levels seen in this place.
 G = Mean time per level.
                   A        B        C        D        E       F      G
               +--------+--------+--------+--------+--------+-----+--------+
         Total |   1249 |   1230 |     19 |    274 |    680 |   2 |  624.5 |
       Dungeon |   1249 |   1230 |     19 |    274 |    680 |   2 |  624.5 |
               +--------+--------+--------+--------+--------+-----+--------+

Top non-repeatable levels by time:
     D:1: 1189 daAuts
     D:2: 59 daAuts
